 Dungeon Crawl Stone Soup version 0.26-a0-652-gafc20e3620 (webtiles) character file.

Game seed: 7961455711412362951

40841 Kraken2834 the Spear-Bearer (level 13, -3/134 HPs)
             Began as a Deep Dwarf Fighter on Oct 2, 2020.
             Was the Champion of Makhleb.
             Slain by an entropy weaver
             ... wielding a +0 rapier
              (7 damage)
             ... on level 5 of the Lair of Beasts on Oct 3, 2020.
             The game lasted 01:02:13 (11380 turns).

Kraken2834 the Spear-Bearer (Deep Dwarf Fighter)   Turns: 11380, Time: 01:02:15

Health: -3/134     AC: 11    Str: 32    XL:     13   Next: 76%
Magic:  11/11 (2)  EV: 10    Int:  9    God:    Makhleb [******]
Gold:   1834       SH:  0    Dex: 16    Spells: 12/12 levels left

rFire    . . .     SeeInvis .   f - +9 halberd (flame)
rCold    + . .     Faith    .   (shield currently unavailable)
rNeg     + + .     Spirit   .   M - +1 ring mail of Ymesty {Harm rElec rPois MP+9}
rPois    +         Reflect  .   (helmet restricted)
rElec    +         Harm     +   L - +0 cloak of Sloth {rPois rCorr Dex+4 Slay+3}
rCorr    +         Rampage  .   B - +0 pair of gloves of Okawaru's Approval {rN++ Str+4}
MR       .....                  I - +1 pair of boots
Stlth    +.........             E - amulet of magic regeneration
HPRegen  0.00/turn              K - ring of the Sky {rPois rC+ MR- Str+5}
MPRegen  0.37/turn              n - +4 ring of slaying

@: non-regenerating
A: damage resistance, heal wounds, horns 1, sense surroundings 2, poison
resistance, weak 1, no regeneration
a: Heal Wounds, Minor Destruction, Lesser Servant of Makhleb, Major Destruction,
Greater Servant of Makhleb, Renounce Religion


You were on level 5 of the Lair of Beasts.
You worshipped Makhleb.
Makhleb was exalted by your worship.
You visited 3 branches of the dungeon, and saw 18 of its levels.
You also visited: Gauntlet.

You collected 1889 gold pieces.
You spent 55 gold pieces at shops.

Inventory:

Hand Weapons
 f - a +9 halberd of flaming (weapon)
 v - a +3 falchion of draining
Armour
 B - the +0 pair of gloves of Okawaru's Approval (worn) {rN++ Str+4}
   (You found it on level 6 of the Dungeon)

   It affects your strength (+4).
   It greatly protects you from negative energy.
 I - a +1 pair of boots (worn)
 L - the +0 cloak of Sloth (worn) {rPois rCorr Dex+4 Slay+3}
   (You found it in a Gauntlet)

   It affects your dexterity (+4).
   It affects your accuracy and damage with ranged weapons and melee attacks
   (+3).
   It protects you from poison.
   It provides partial protection from all sources of acid and corrosion.
 M - the +1 ring mail of Ymesty (worn) {Harm rElec rPois MP+9}
   (You found it in a Gauntlet)

   It insulates you from electricity.
   It protects you from poison.
   It affects your magic capacity (+9).
   It increases damage dealt and taken.
Jewellery
 n - a +4 ring of slaying (right hand)
 E - an amulet of magic regeneration (around neck)
 K - the ring of the Sky (left hand) {rPois rC+ MR- Str+5}
   (You took it off a crimson imp in a Gauntlet)

   [ring of protection from cold]

   It affects your strength (+5).
   It protects you from cold.
   It protects you from poison.
   It affects your resistance to hostile enchantments.
Wands
 c - a wand of flame (13)
 q - a wand of iceblast (40)
 y - a wand of random effects (69)
 C - a wand of acid (29)
 G - a wand of digging (12)
Scrolls
 b - 4 scrolls of remove curse
 i - 7 scrolls of teleportation
 l - 12 scrolls of identify
 m - a scroll of fog
 o - a scroll of fear
 s - 2 scrolls of blinking
 u - 5 scrolls of enchant armour
 D - 2 scrolls of amnesia
 H - 3 scrolls of vulnerability
 P - 4 scrolls of enchant weapon
Potions
 a - 5 potions of heal wounds
 d - a potion of might
 e - 3 potions of haste
 h - 8 potions of curing
 r - 3 potions of flight
 w - a potion of mutation
 x - a potion of magic
 z - 3 potions of stabbing
Miscellaneous
 j - a lightning rod (4/4)
 O - a lightning rod (4/4)


   Skills:
 * Level 13.9 Fighting
 - Level 7.1 Long Blades
   Level 4.9(12.1) Axes
 + Level 14.2(14.4) Polearms
 - Level 4.3 Armour
   Level 5.5 Shields
 - Level 0.1 Evocations


You had 12 spell levels left.
You didn't know any spells.
Your spell library contained the following spells:

 Spells                   Type           Power        Failure   Level
 Animate Skeleton         Necr           #.....       50%         1
 Apportation              Tloc           #.....       50%         1
 Corona                   Hex            #......      50%         1
 Magic Dart               Conj           #...         50%         1
 Summon Small Mammal      Summ           #...         50%         1
 Blink                    Tloc           N/A          63%         2
 Call Imp                 Summ           #.......     63%         2
 Slow                     Hex            #.......     63%         2
 Conjure Flame            Conj/Fire      #.......     86%         3
 Gell's Gravitas          Tloc           #.........   86%         3
 Inner Flame              Hex/Fire       #.......     86%         3
 Mephitic Cloud           Conj/Pois/Air  #.......     86%         3
 Portal Projectile        Hex/Tloc       #.....       86%         3
 Cause Fear               Hex            #.........   99%         4
 Leda's Liquefaction      Hex/Erth       #.........   99%         4
 Dispersal                Tloc           #.........   100%        6
 Disjunction              Tloc           #.........   100%        8


Dungeon Overview and Level Annotations

Branches:
Dungeon (11/15)            Temple (1/1) D:6            Lair (6/6) D:11
  Swamp (0/4) Lair:3       Spider (0/4) Lair:3        Slime (0/5) Lair:5
    Orc (0/2) D:9         Gauntlet (visited)

Altars:
Dithmenos
Fedhas
Hepliaklqana
Makhleb
Nemelex Xobeh
Qazlal
Xom
Jiyva

Shops:
D:4 !   D:6 =   D:8 :(   D:11 [

Annotations:
Lair:2 exclusion: 2 oklob plants


Innate Abilities, Weirdness & Mutations

You are resistant to damage.
You can heal yourself by infusing magical energy.
You passively map the area around you.
You do not regenerate.
You have a pair of small horns on your head.
Your system is resistant to poisons. (rPois)
You are weak. (Str -2)


Message History

The entropy weaver hits you with a +0 rapier.
The entropy weaver hits you but does no damage.
The entropy weaver hits you with a +0 rapier!
The queen ant stings you but does no damage.
The worker ant closely misses you.
You slice the entropy weaver!! You burn the entropy weaver!
The entropy weaver is almost dead.
The worker ant bites you but does no damage.
The soldier ant stings you but does no damage.
The dream sheep barely misses you.
The dream sheep bites you but does no damage.
The dream sheep shake their wool and sparkle.
You feel drowsy...
You fall asleep.
The entropy weaver closely misses you.
The entropy weaver hits you with a +0 rapier.
The entropy weaver hits you with a +0 rapier!!!
You wake up.
* * * LOW HITPOINT WARNING * * *
The entropy weaver hits you with a +0 rapier!
You die...

.###.###.....####.#..#.....##
#.###........## #...........##
####......##..# #..P.......#.#
.###...#..#..## #...........##
.##..........## ###........##
#...#..##.÷##.# ###......##
#...#.##...P########.#......##
.#....####..###Yaa###.###..#.###
..P.##..#...)..Y@a.#### ##.##^.##
..............#Yaa## #......#
.P..###.#.........## ####.......
.P..######.#...#...####...[#'##.P
..##.# #.....#...##....#....#.#
....## ###..###.....####..8...#
≈≈≈.## #####..##...#####.....#P#
≈≈≈≈.####...#.#.##...###....#####
≈≈≈≈.##..........##........###


You could see a queen ant, an entropy weaver, a soldier ant, 3 dream sheep and 2
worker ants.

Vanquished Creatures
  A minotaur (Gauntlet)
  Josephine (Lair:4)
  4 hydras
  5 death yaks (Lair:2)
  Erica (Lair:2)
  An unseen horror (D:10)
  A death drake (Gauntlet)
  A wolf spider zombie (Gauntlet)
  A cyclops (D:11)
  An ugly thing (D:11)
  2 manticores
  A moth of wrath (Gauntlet)
  A spectral centaur (Gauntlet)
  3 black mambas
  10 elephants
  A smoke demon (Gauntlet)
  A gargoyle (D:11)
  11 cane toads
  A rime drake (Lair:6)
  4 komodo dragons
  A demonic crawler (Lair:3)
  2 polar bears
  2 trolls
  A bog body (Lair:3)
  20 blink frogs
  6 hippogriffs
  A wyvern (Lair:4)
  4 yaks (Lair:2)
  A shadow (D:11)
  2 basilisks
  5 wraiths (Lair:4)
  An acid dragon (D:11)
  12 soldier ants
  3 wargs (D:11)
  Duvessa (D:5)
  A water moccasin (Lair:4)
  8 porcupines
  An orc warrior (D:7)
  An ice beast (D:7)
  3 sky beasts
  An eye of draining (D:11)
  2 black bears
  5 ogres
  2 centaurs (D:5)
  4 phantoms
  17 wolves
  11 crocodiles
  2 big kobolds
  11 bullfrogs
  A gnoll sergeant (D:8)
  A wyvern zombie (D:6)
  Dowan (D:5)
  7 scorpions
  The ghost of DarkMoon the Magician, a weakling NaWz (D:3)
  8 killer bees (D:11)
  8 wights (D:6)
  A howler monkey (D:9)
  4 crimson imps (Gauntlet)
  A bullfrog zombie (D:9)
  3 centaur zombies
  3 jellies
  8 orc priests
  2 bullfrog skeletons
  8 hounds
  A gnoll shaman (D:4)
  3 centaur skeletons
  2 hell rats (Lair:3)
  Terence (D:2)
  3 iguanas
  5 orc wizards
  13 worker ants
  A worker ant zombie (D:11)
  17 gnolls
  13 adders
  11 river rats (Lair:3)
  A shadow imp (D:9)
  2 white imps
  3 ufetubi
  2 adder zombies
  An adder skeleton (D:5)
  6 worms
  6 dart slugs
  3 leopard geckos
  43 orcs
  11 giant cockroaches
  4 goblins
  8 hobgoblins
  15 jackals
  20 kobolds
  4 quokkas
  12 bats
  10 frilled lizards
  2 leopard gecko skeletons
  A quokka skeleton (D:9)
  11 rats
475 creatures vanquished.

Vanquished Creatures (others)
  13 fungi
  39 plants
52 creatures vanquished.

Grand Total: 527 creatures vanquished

Notes
Turn   | Place    | Note
-------+----------+-------------------------------------------
     0 | D:1      | Kraken2834 the Deep Dwarf Fighter began the quest for the
                  | Orb.
     0 | D:1      | Reached XP level 1. HP: 20/20 MP: 1/1
   156 | D:1      | Reached XP level 2. HP: 21/28 MP: 2/2
   564 | D:1      | Reached XP level 3. HP: 24/34 MP: 3/3
   798 | D:2      | Noticed Terence
   808 | D:2      | Killed Terence
  1025 | D:2      | Reached XP level 4. HP: 31/44 MP: 4/4
  1814 | D:3      | Found a runed translucent door.
  1831 | D:3      | Noticed DarkMoon's ghost (weakling NaWz)
  1842 | D:3      | Killed DarkMoon's ghost
  1842 | D:3      | Reached XP level 5. HP: 25/51 MP: 5/5
  2071 | D:3      | Noticed a black bear
  2079 | D:3      | Killed a black bear
  2079 | D:3      | Reached XP level 6. HP: 28/58 MP: 6/6
  2396 | D:4      | Reached XP level 7. HP: 57/66 MP: 7/7
  2540 | D:4      | Reached skill level 5 in Long Blades
  2601 | D:4      | Found Zaazxest's Distillery.
  2833 | D:4      | Bought a potion of heal wounds for 55 gold pieces
  2842 | D:5      | Entered Level 5 of the Dungeon
  2884 | D:5      | Reached skill level 5 in Fighting
  2939 | D:5      | Reached XP level 8. HP: 43/74 MP: 7/7
  3096 | D:5      | Noticed Duvessa
  3096 | D:5      | Noticed Dowan
  3106 | D:5      | Reached skill level 5 in Shields
  3115 | D:5      | Killed Duvessa
  3124 | D:5      | Killed Dowan
  3333 | D:6      | Got a pair of bloodstained gloves
  3344 | D:6      | Identified the +0 pair of gloves of Okawaru's Approval
                  | {rN++ Str+4} (You found it on level 6 of the Dungeon)
  3530 | D:6      | Reached skill level 1 in Polearms
  3611 | D:6      | Found a staircase to the Ecumenical Temple.
  3622 | Temple   | Entered the Ecumenical Temple
  3628 | Temple   | Became a worshipper of Makhleb the Destroyer
  3686 | D:6      | Reached skill level 2 in Polearms
  3686 | D:6      | Gained mutation: You passively map the area around you.
                  | [Deep Dwarf growth]
  3686 | D:6      | Reached XP level 9. HP: 33/85 MP: 8/8
  3811 | D:6      | Found a blossoming altar of Fedhas.
  3917 | D:6      | Reached skill level 3 in Polearms
  4054 | D:6      | Found Decovif's Jewellery Boutique.
  4088 | D:6      | Found a sparkling altar of Nemelex Xobeh.
  4300 | D:7      | Reached skill level 4 in Polearms
  4334 | D:7      | Reached * piety under Makhleb
  4397 | D:7      | Noticed a troll
  4405 | D:7      | Killed a troll
  4405 | D:7      | Reached skill level 5 in Polearms
  4810 | D:7      | You fall into a shaft and drop 1 floor!
  4814 | D:8      | Reached skill level 6 in Polearms
  4964 | D:8      | Found Nejov's Book Emporium.
  5049 | D:8      | Found Biuf's Weapon Emporium.
  5269 | D:8      | Reached ** piety under Makhleb
  5351 | D:9      | Gained mutation: You have a pair of small horns on your
                  | head. [potion of mutation]
  5351 | D:9      | Gained mutation: You are weak. (Str -2) [potion of
                  | mutation]
  5351 | D:9      | Gained mutation: Your system is resistant to poisons.
                  | (rPois) [potion of mutation]
  5380 | D:9      | Found a staircase to the Orcish Mines.
  5733 | D:9      | Reached XP level 10. HP: 94/94 MP: 8/8
  5755 | D:9      | Reached skill level 7 in Polearms
  6134 | D:10     | Entered Level 10 of the Dungeon
  6220 | D:10     | Got a translucent scale mail
  6231 | D:10     | Identified the +1 scale mail of the Moon Troll {+Inv} (You
                  | found it on level 10 of the Dungeon)
  6442 | D:10     | Killed an unseen horror
  6442 | D:10     | Reached skill level 8 in Polearms
  6956 | D:11     | Noticed a red ugly thing
  6968 | D:11     | Killed a red ugly thing
  7015 | D:11     | Reached *** piety under Makhleb
  7066 | D:11     | Noticed a gargoyle
  7078 | D:11     | Killed a gargoyle
  7078 | D:11     | Reached skill level 9 in Polearms
  7096 | D:11     | Found Walul's Armour Shop.
  7104 | D:11     | Noticed a manticore
  7107 | D:11     | Killed a manticore
  7132 | D:11     | Reached XP level 11. HP: 56/106 MP: 8/8
  7143 | D:11     | Found a staircase to the Lair.
  7165 | D:11     | Found a gate leading to a gauntlet.
  7174 | Gauntlet | Entered a Gauntlet
  7174 | Gauntlet | Found a transporter.
  7174 | Gauntlet | Found a transporter.
  7176 | Gauntlet | Found a transporter.
  7182 | Gauntlet | Found a transporter.
  7182 | Gauntlet | Found a transporter.
  7215 | Gauntlet | Identified the ring of the Sky {rPois rC+ MR- Str+5}
  7216 | Gauntlet | Found a transporter.
  7216 | Gauntlet | Found a transporter.
  7225 | Gauntlet | Noticed a death drake
  7230 | Gauntlet | Noticed a death drake
  7245 | Gauntlet | Reached skill level 10 in Polearms
  7252 | Gauntlet | Killed a death drake
  7252 | Gauntlet | Reached skill level 10 in Fighting
  7262 | Gauntlet | Found a transporter.
  7266 | Gauntlet | Got a distressingly furry cloak
  7272 | Gauntlet | Identified the +0 cloak of Sloth {rPois rCorr Dex+4 Slay+3}
                  | (You found it in a Gauntlet)
  7285 | Gauntlet | Found a transporter.
  7291 | Gauntlet | Noticed a minotaur
  7301 | Gauntlet | Killed a minotaur
  7388 | Gauntlet | Got a distressingly furry ring mail
  7409 | Gauntlet | Identified the +1 ring mail of Ymesty {Harm rElec rPois
                  | MP+9} (You found it in a Gauntlet)
  7457 | D:11     | Reached **** piety under Makhleb
  7999 | Lair:1   | Entered Level 1 of the Lair of Beasts
  8022 | Lair:1   | Reached skill level 11 in Polearms
  8110 | Lair:1   | You fall into a shaft and drop 1 floor!
  8219 | Lair:2   | Reached XP level 12. HP: 118/120 MP: 6/6
  8305 | Lair:2   | Noticed Erica
  8313 | Lair:2   | Killed Erica
  8396 | Lair:2   | Noticed a death yak
  8397 | Lair:2   | Noticed a death yak
  8397 | Lair:2   | Noticed a death yak
  8397 | Lair:2   | Noticed a death yak
  8398 | Lair:2   | Noticed a death yak
  8405 | Lair:2   | Killed a death yak
  8430 | Lair:2   | Killed a death yak
  8432 | Lair:2   | Killed a death yak
  8436 | Lair:2   | Killed a death yak
  8439 | Lair:2   | Killed a death yak
  8439 | Lair:2   | Reached skill level 12 in Polearms
  8484 | Lair:2   | Noticed a seven-headed hydra
  8489 | Lair:2   | Killed a four-headed hydra
  8922 | Lair:3   | Reached ***** piety under Makhleb
  8981 | Lair:3   | Found a staircase to the Swamp.
  9401 | Lair:3   | Found a hole to the Spider Nest.
  9769 | Lair:4   | Noticed Josephine
  9775 | Lair:4   | Killed Josephine
  9783 | Lair:4   | Reached skill level 13 in Polearms
  9792 | Lair:4   | Reached XP level 13. HP: 122/130 MP: 5/5
 10633 | Lair:5   | Found a viscous altar of Jiyva.
 10640 | Lair:5   | Found a staircase to the Slime Pits.
 10926 | Lair:5   | Identified a scroll of acquirement
 10926 | Lair:5   | Acquired 788 gold pieces
 11205 | Lair:6   | Entered Level 6 of the Lair of Beasts
 11270 | Lair:6   | Reached skill level 14 in Polearms
 11288 | Lair:6   | Reached ****** piety under Makhleb
 11337 | Lair:6   | Noticed an entropy weaver
 11375 | Lair:6   | Noticed an entropy weaver
 11380 | Lair:5   | HP: 4/134 [entropy weaver/+0 rapier (38)]
 11380 | Lair:5   | Slain by an entropy weaver

Illustrated notes

Levels and vault maps discovered:
D:1:      dpeg_arrival_pond, layout_loops_ring
D:2:      layout_basic, nrook_mini_backslash, minmay_mini_jars, uniq_terence
D:3:      layout_rooms, ebering_ghost_reflecting_pool, minmay_misc_feat_pillars,
          minmay_unequal
D:4:      layout_rooms, kennysheep_windowed_goal
D:5:      layout_rooms, uniq_duvessa
D:6:      layout_basic, nemelex_altar_shiori, minmay_temple_entry_crystal_x,
          serial_shops, shop, fedhas_altar_3
D:7:      layout_basic, serial_bayou_lagoon_a, nicolae_ru_path_of_blood
D:8:      layout_gridville, serial_shops, shop_statue, nicolae_shop_crystal
D:9:      layout_loops_corners, orc_0_dummy
D:10:     layout_roguey, hangedman_pestilent_swarm
D:11:     layout_basic, erik_lair_orcish_takeover, serial_shops,
          kennysheep_mini_moat, gauntlet_entry_generic, bh_walls_and_bars
Temple:   nicolae_temple_the_god_donut
Lair:1:   layout_long_grid, lemuel_old_faithful, grunt_megastairs_3
Lair:2:   layout_roguey, minmay_lair_oklob_chamber, uniq_erica
Lair:3:   layout_long_grid, skrybe_swamp_entry_bodies,
          nicolae_spider_entry_non_spiders, kennysheep_rathole
Lair:4:   layout_long_grid, serial_bayou_pond_a, serial_bayou_shore_a,
          grunt_megastairs_1, uniq_josephine
Lair:5:   layout_loops_ring, slime_altar_1, infiniplex_staircase_pool,
          grunt_megastairs_4
Lair:6:   evilmike_catoblepas_cave, layout_cave_shapes, minivault_29,
          lemuel_fruit_fields

Skill      XL: |  1  2  3  4  5  6  7  8  9 10 11 12 13 |
---------------+----------------------------------------+-----
Fighting       | 3 4 5 6 7 9 11 12 13 | 13.9
Axes           | 3 4 |  4.9
Long Blades    | 2 4 6 7 |  7.1
Shields        | 4 5 |  5.5
Polearms       | 2 6 9 11 13 14 | 14.2
Armour         | 4 |  4.3
Evocations     | |  0.1

Action                   |  1- 3 |  4- 6 |  7- 9 | 10-12 | 13-15 || total
-------------------------+-------+-------+-------+-------+-------++-------
Melee: War axe           |    95 |   167 |       |       |       ||   262
       Falchion          |       |    55 |   224 |       |       ||   279
       Halberd           |       |       |   221 |   382 |   164 ||   767
       Headbutt          |       |       |     2 |    69 |    31 ||   102
 Abil: Heal Wounds       |       |       |     9 |    16 |     7 ||    32
Evoke: Wand              |       |       |     2 |     1 |       ||     3
  Use: Scroll            |       |     7 |     6 |     4 |     2 ||    19
       Potion            |       |     3 |     5 |     3 |     1 ||    12
 Stab: Invisible         |       |       |       |     2 |       ||     2
       Distracted        |       |       |       |     1 |       ||     1
Armor: Scale mail        |    44 |    10 |       |   158 |       ||   212
       Plate armour      |       |   119 |   234 |     8 |       ||   361
       Ring mail         |       |       |       |    30 |    75 ||   105
Dodge: Dodged            |    21 |    21 |    87 |   132 |    87 ||   348
Block: Kite shield       |    52 |    32 |       |       |       ||    84
       Tower shield      |       |   119 |   155 |       |       ||   274
       Rpst.: Falchion   |       |     1 |     1 |       |       ||     2

Table legend: (Time is in decaauts)
 A = Elapsed time spent in this place.
 B = Non-inter-level travel time spent in this place.
 C = Inter-level travel time spent in this place.
 D = Time resting spent in this place.
 E = Time spent auto-exploring this place.
 F = Levels seen in this place.
 G = Mean time per level.
                   A        B        C        D        E       F      G
               +--------+--------+--------+--------+--------+-----+--------+
         Total |  11588 |  11267 |    321 |    270 |   7710 |  19 |  609.9 |
       Dungeon |   7941 |   7703 |    238 |    233 |   5212 |  11 |  721.9 |
        Temple |     12 |     12 |      0 |      0 |      1 |   1 |   12.0 |
          Lair |   3360 |   3278 |     82 |     15 |   2435 |   6 |  560.0 |
      Gauntlet |    273 |    273 |      0 |     22 |     62 |   1 |  273.0 |
               +--------+--------+--------+--------+--------+-----+--------+

Top non-repeatable levels by time:
     D:2: 1030 daAuts
     D:6: 917 daAuts
  Lair:3: 873 daAuts
    D:10: 818 daAuts
  Lair:4: 815 daAuts
     D:9: 805 daAuts
    D:11: 791 daAuts
     D:1: 766 daAuts
  Lair:5: 747 daAuts
  Lair:2: 702 daAuts
     D:3: 624 daAuts
     D:7: 615 daAuts
     D:4: 558 daAuts
     D:8: 529 daAuts
     D:5: 482 daAuts
